 Dungeon Crawl Stone Soup version 0.27-a0-1586-gd5c625afe7 (webtiles) character file.

Game seed: 5742913386180977704

49 Majang the Digger (level 3, -2/19 HPs)
             Began as a Gargoyle Earth Elementalist on July 18, 2021.
             Slain by a hobgoblin (12 damage)
             ... on level 2 of the Dungeon.
             The game lasted 00:06:16 (1675 turns).

Majang the Digger (Gargoyle Earth Elementalist)     Turns: 1675, Time: 00:06:18

Health: -2/19      AC:  5    Str: 11    XL:     3   Next: 77%
Magic:  3/7        EV: 11    Int: 16    God:
Gold:   92         SH:  0    Dex: 10    Spells: 4/8 levels left

rFire    . . .     SeeInvis .   a - +0 whip
rCold    . . .     Faith    .   (no shield)
rNeg     + . .     Spirit   .   b - +0 robe
rPois    ∞         Reflect  .   (no helmet)
rElec    +         Harm     .   (no cloak)
rCorr    .         Rampage  .   (no gloves)
Will     .....                  (no boots)
Stlth    ++........             (no amulet)
HPRegen  0.06/turn              (no ring)
MPRegen  0.10/turn              (no ring)

@: no status effects
A: sickness immunity, AC +3, negative energy resistance 1, electricity
resistance, torment resistance 1, petrification resistance
a: no special abilities


You were on level 2 of the Dungeon.
You visited 1 branch of the dungeon, and saw 2 of its levels.

You collected 92 gold pieces.

Inventory:

Hand Weapons
 a - a +0 whip (weapon)
Missiles
 c - 66 stones
Armour
 b - a +0 robe (worn)
 g - a +2 buckler
Scrolls
 e - a scroll of identify {unknown}
 h - a scroll of teleportation {unknown}
 i - 2 scrolls of fog {unknown}
Potions
 d - a potion of attraction {unknown}
 f - a potion of brilliance {unknown}
 j - a potion of curing {unknown}


   Skills:
 - Level 1.5 Dodging
 - Level 2.1 Stealth
 * Level 3.1 Spellcasting
 + Level 0.7 Conjurations
 - Level 0.7 Transmutations
 + Level 4.2 Earth Magic


You had 4 spell levels left.
You knew the following spells:

 Your Spells              Type           Power      Damage    Failure   Level
a - Sandblast             Erth           32%        2d9       3%          1
b - Stone Arrow           Conj/Erth      20%        3d8       21%         3

Your spell library contained the following spells:

 Spells                   Type           Power      Damage    Failure   Level
 Passwall                 Tmut/Erth      8%         N/A       10%         2
 Gell's Gravitas          Tloc           1%         N/A       50%         3
 Lesser Beckoning         Tloc           1%         N/A       50%         3
 Teleport Other           Tloc           2%         N/A       50%         3
 Petrify                  Tmut/Erth      10%        N/A       54%         4


Dungeon Overview and Level Annotations

Branches:
Dungeon (2/15)

Altars:


Innate Abilities, Weirdness & Mutations

You are immune to sickness and miasma.
Your stone body is resilient. (AC +3)
You are immune to poison.
You resist negative energy. (rN+)
You are resistant to electric shocks. (rElec)
You are resistant to unholy torment.
You are immune to petrification.


Message History

Magic restored.
You start resting.
HP restored.
A hobgoblin is nearby!
You see here a hobgoblin corpse.
Casting: Sandblast (safe; 3% risk of failure)
Confirm with . or Enter, or press ? or * to list all spells.
You can't see any susceptible monsters within range! (Use Z to cast anyway.) Unknown command.
The hobgoblin shouts!
Casting: Sandblast (safe; 3% risk of failure)
Confirm with . or Enter, or press ? or * to list all spells.
Aiming: Sandblast (safe; 3% risk of failure)
Press: ? - help, Shift-Dir - straight line, f - hobgoblin
Aim: a hobgoblin, wielding a +0 war axe (79% to hit)
The blast of sand hits the hobgoblin.
The hobgoblin is moderately wounded.
Casting: Sandblast (safe; 3% risk of failure)
Confirm with . or Enter, or press ? or * to list all spells.
Aiming: Sandblast (safe; 3% risk of failure)
Press: ? - help, Shift-Dir - straight line, f/p - hobgoblin
Aim: a hobgoblin, wielding a +0 war axe (moderately wounded, 79% to hit)
The blast of sand misses the hobgoblin.
The hobgoblin hits you with a +0 war axe.
Casting: Sandblast (safe; 3% risk of failure)
Confirm with . or Enter, or press ? or * to list all spells.
Aiming: Sandblast (safe; 3% risk of failure)
Press: ? - help, Shift-Dir - straight line, f/p - hobgoblin
Aim: a hobgoblin, wielding a +0 war axe (moderately wounded, 79% to hit)
The blast of sand misses the hobgoblin.
The hobgoblin hits you with a +0 war axe.
Casting: Sandblast (safe; 3% risk of failure)
Confirm with . or Enter, or press ? or * to list all spells.
Aiming: Sandblast (safe; 3% risk of failure)
Press: ? - help, Shift-Dir - straight line, f/p - hobgoblin
Aim: a hobgoblin, wielding a +0 war axe (moderately wounded, 79% to hit)
The blast of sand misses the hobgoblin.
The hobgoblin hits you with a +0 war axe!
Ouch! That really hurt!
You die...

#. ###.#.##.###
#.###.....##.#
........####.#
.#####.#.# #.#
.......#.# #>#
.......#.# #.#
.......#.# #.#
.........####.##
......†....†.@.#
.##.#....####.g###
#...#.#.# #....#
..#.....# ##.#.#
#...#.### #.....
#.##. #......# #.
#. ##...#.# #
#.##.# ..


You could see a hobgoblin.

Vanquished Creatures
  An adder (D:2)
  A dart slug (D:1)
  7 bats
  An endoplasm (D:1)
  3 giant cockroaches (D:1)
  8 goblins
  5 hobgoblins
  A ball python (D:1)
  3 frilled lizards
  2 kobolds
  4 rats (D:1)
36 creatures vanquished.

Notes
Turn   | Place    | Note
-------+----------+-------------------------------------------
     0 | D:1      | Majang the Gargoyle Earth Elementalist began the quest for
                  | the Orb.
     0 | D:1      | Reached XP level 1. HP: 10/10 MP: 3/3
    58 | D:1      | Reached XP level 2. HP: 11/15 MP: 3/5
   273 | D:1      | Reached skill level 4 in Earth Magic
   910 | D:1      | Reached XP level 3. HP: 18/19 MP: 7/7
   914 | D:1      | Learned a level 3 spell: Stone Arrow
   925 | D:1      | Found a faded altar of an unknown god.
  1675 | D:2      | Slain by a hobgoblin

Illustrated notes

Levels and vault maps discovered:
D:1:      minmay_arrival_radiant_lines, layout_rooms,
          hellmonk_ecumenical_altar_run_dry
D:2:      layout_loops_ring, kennysheep_big_empty_room

Skill      XL: |  1  2  3 |
---------------+----------+-----
Earth Magic    | 4 |  4.2
Spellcasting   | 3 |  3.1
Dodging        | |  1.5
Stealth        | |  2.1
Conjurations   | |  0.7
Transmutations | |  0.7

Action                   || total
-------------------------++-------
Melee: Unarmed           ||    22
       Whip              ||    96
       Club              ||     3
       Dagger            ||     1
 Cast: Sandblast         ||    17
 Stab: Sleeping          ||     2
Armor: Robe              ||    56
Dodge: Dodged            ||    80

Table legend: (Time is in decaauts)
 A = Elapsed time spent in this place.
 B = Non-inter-level travel time spent in this place.
 C = Inter-level travel time spent in this place.
 D = Time resting spent in this place.
 E = Time spent auto-exploring this place.
 F = Levels seen in this place.
 G = Mean time per level.
                   A        B        C        D        E       F      G
               +--------+--------+--------+--------+--------+-----+--------+
         Total |   1683 |   1666 |     17 |    781 |    553 |   2 |  841.5 |
       Dungeon |   1683 |   1666 |     17 |    781 |    553 |   2 |  841.5 |
               +--------+--------+--------+--------+--------+-----+--------+

Top non-repeatable levels by time:
     D:1: 1227 daAuts
     D:2: 456 daAuts
